 Dungeon Crawl Stone Soup version 0.26.1-2-gb8aa6d0cf2 (webtiles) character file.

Game seed: 15309566166581858423

196 vatarom the Ruffian (level 5, 0/36 HPs)
             Began as a Draconian Transmuter on Feb 15, 2021.
             Slain by Grinder (6 damage)
             ... on level 3 of the Dungeon.
             The game lasted 00:05:07 (3580 turns).

vatarom the Ruffian (Draconian Transmuter)          Turns: 3580, Time: 00:05:08

Health: 0/36       AC:  2    Str: 13    XL:     5   Next: 45%
Magic:  3/8        EV: 19    Int: 13    God:
Gold:   116        SH:  0    Dex: 17    Spells: 4/8 levels left

rFire    . . .     SeeInvis .     - Unarmed
rCold    . . .     Faith    .   (shield currently unavailable)
rNeg     . . .     Spirit   .   (armour unavailable)
rPois    x         Reflect  .   (helmet currently unavailable)
rElec    .         Harm     .   (cloak currently unavailable)
rCorr    .         Rampage  .   (gloves currently unavailable)
Will     .....                  (boots currently unavailable)
Stlth    ++........             (no amulet)
HPRegen  0.12/turn              (no ring)
MPRegen  0.11/turn              (no ring)

@: spider-form (expiring)
A: tiny, unfitting armour, frail 1, wild magic 1, AC +5
a: End Transformation


You were on level 3 of the Dungeon.
You were a venomous arachnid creature.
You visited 1 branch of the dungeon, and saw 3 of its levels.

You collected 116 gold pieces.

Inventory:

Missiles
 f - a throwing net {!f}
Scrolls
 b - 2 scrolls of remove curse {unknown}
 c - 2 scrolls of immolation {unknown}
 d - a scroll of amnesia {unknown}
 g - a scroll of enchant weapon {unknown}
 h - a scroll of blinking {unknown}
 i - 2 scrolls of fog {unknown}
 k - a scroll of enchant armour {unknown}
 l - 2 scrolls of identify {unknown}
Potions
 e - a potion of brilliance {unknown}
 j - a potion of curing {unknown}
 m - a potion of ambrosia {unknown}


   Skills:
 - Level 1.1 Fighting
 - Level 1.7 Dodging
 + Level 4.9 Unarmed Combat
 - Level 2.0 Spellcasting
 + Level 4.2 Transmutations


You had 4 spell levels left.
You knew the following spells:

 Your Spells              Type           Power        Failure   Level
a - Beastly Appendage     Tmut           32%          19%         1
b - Spider Form           Tmut/Pois      4%           63%         3

Your spell library contained the following spells:

 Spells                   Type           Power        Failure   Level
 Wereblood                Tmut           16%          26%         2
 Ice Form                 Ice/Tmut       8%           91%         4
 Blade Hands              Tmut           8%           94%         5


Dungeon Overview and Level Annotations

Branches:
Dungeon (3/15)

Altars:

Annotations:
D:3 Grinder


Innate Abilities, Weirdness & Mutations

((Your plain brown scales are hard. (AC +5)))
You cannot fit into any form of body armour.
((You are cold-blooded and may be slowed by cold attacks.))
You are frail. (-10% HP)
Your spells are a little harder to cast, but a little more powerful.


Message History

You bite Grinder!
Grinder is heavily wounded.
Grinder says, "DUCK!"
Grinder barely misses you.
You bite Grinder!
Grinder is severely wounded.
Grinder gestures at you. Pain shoots through your body!
* * * LOW HITPOINT WARNING * * *
It was a potion of mutation.
You feel extremely strange.
You feel frail.
You feel less in control of your magic. Grinder gestures at you.
Pain shoots through your body!
* * * LOW HITPOINT WARNING * * *
You completely miss Grinder.
Grinder is severely wounded.
Grinder hits you.
* * * LOW HITPOINT WARNING * * *
You writhe in agony.
You die...

##....######.....##
#.#.....###....##
#.#.....>.#....#
#.###.##.......##
#.# #.#.........##
#.#
#.#....#.....#####
#.#
#.#....##.....(...
#.
#.......!....###.
##......o.5s##
#....#####.)......
#.... ####.#.(. ..#
.. . ... ##


You could see Grinder (very poisoned) and an orc.

Vanquished Creatures
  Terence (D:3)
  4 gnolls (D:2)
  5 adders
  An ooze (D:2)
  3 dart slugs
  4 leopard geckos
  5 orcs (D:3)
  4 giant cockroaches
  5 goblins (D:1)
  11 hobgoblins
  2 jackals (D:1)
  5 kobolds
  2 quokkas
  7 bats
  3 frilled lizards
  6 rats
68 creatures vanquished.

Notes
Turn   | Place    | Note
-------+----------+-------------------------------------------
     0 | D:1      | vatarom the Draconian Transmuter began the quest for the
                  | Orb.
     0 | D:1      | Reached XP level 1. HP: 16/16 MP: 3/3
   281 | D:1      | Reached XP level 2. HP: 23/23 MP: 5/5
   799 | D:1      | Reached XP level 3. HP: 28/28 MP: 4/6
  1231 | D:1      | Learned a level 3 spell: Spider Form
  1528 | D:2      | Reached XP level 4. HP: 33/35 MP: 1/7
  2627 | D:2      | Reached XP level 5. HP: 27/40 MP: 4/8
  3560 | D:3      | Noticed Terence
  3565 | D:3      | Noticed Grinder
  3572 | D:3      | Killed Terence
  3579 | D:3      | Gained mutation: You are frail. (-10% HP) [potion of
                  | mutation]
  3579 | D:3      | Gained mutation: Your spells are a little harder to cast,
                  | but a little more powerful. [potion of mutation]
  3580 | D:3      | Slain by Grinder

Illustrated notes

Levels and vault maps discovered:
D:1:      minmay_arrival_floating_metal, layout_basic, glass_columns_b,
          minmay_3d_cube
D:2:      layout_basic
D:3:      layout_rooms, marbit_many_paths, uniq_terence,
          uniq_crazy_yiuf_cottage, uniq_grinder

Skill      XL: |  1  2  3  4  5 |
---------------+----------------+-----
Transmutations | 3 4 |  4.2
Unarmed Combat | 4 |  4.9
Fighting       | |  1.1
Dodging        | |  1.7
Spellcasting   | |  2.0

Action                   |  1- 3 |  4- 6 || total
-------------------------+-------+-------++-------
Melee: Unarmed           |   125 |   126 ||   251
       Headbutt          |     4 |     5 ||     9
       Kick              |     5 |     8 ||    13
       Tailslap          |     5 |     7 ||    12
       Punch             |       |     4 ||     4
 Cast: Beastly Appendage |     7 |     4 ||    11
       Spider Form       |     2 |     4 ||     6
  Use: Potion            |       |     1 ||     1
 Stab: Sleeping          |     1 |     4 ||     5
Armor: Skin              |    27 |    40 ||    67
Dodge: Dodged            |    96 |    76 ||   172
